 Dungeon Sprint DCSS version 0.27-a0-1416-g941b2bd30b (webtiles) character file.

Game seed: 2208612233424301513

24392 mhtbhm the Sorcerer (level 12, -1/76 HPs)
             Began as a Deep Elf Earth Elementalist on July 1, 2021.
             Was the Champion of Vehumet.
             Slain by a white very ugly thing (31 damage)
             ... in the Dungeon (Sprint IX: "|||||||||||||||||||||||||||||").
             The game lasted 00:10:37 (4286 turns).

mhtbhm the Sorcerer (Deep Elf Earth Elementalist)   Turns: 4286, Time: 00:10:37

Health: -1/76      AC: 35    Str:  8    XL:     12   Next: 80%
Magic:  10/43      EV: 15    Int: 29    God:    Vehumet [******]
Gold:   209        SH:  0    Dex: 15    Spells: 7/62 levels left

rFire    . . .     SeeInvis .   x - staff of earth
rCold    . . .     Faith    .   (no shield)
rNeg     + . .     Spirit   .   (armour currently unavailable)
rPois    ∞         Reflect  .   m - +0 helmet
rElec    +         Harm     .   A - +1 cloak
rCorr    .         Rampage  .   (gloves currently unavailable)
Will     +....     NoTele   +   (boots currently unavailable)
Stlth    ++++......             (no amulet)
HPRegen  0.22/turn              p - +3 ring of strength
MPRegen  0.28/turn              o - +3 ring of intelligence

@: statue-form, very slow
A: slow and powerful, torment resistance 1, boosted hp
a: End Transformation, Renounce Religion


You were in the Dungeon.
You worshipped Vehumet.
Vehumet was exalted by your worship.
You were a living statue of rough stone.
You visited 1 branch You collected 1918 gold pieces.
You spent 1709 gold pieces at shops.

Inventory:

Missiles
 i - 2 stones
Armour
 b - a +2 robe of positive energy (melded)
 m - a +0 helmet (worn)
 n - a +0 pair of gloves (melded)
 s - a +0 pair of boots (melded)
 A - a +1 cloak (worn)
Magical Staves
 x - a staff of earth (weapon)
Jewellery
 e - a ring of protection from fire
 o - a +3 ring of intelligence (right fist)
 p - a +3 ring of strength (left fist)
 y - a ring of fire
 z - a ring of protection from cold
Wands
 k - a wand of acid (8)
Scrolls
 h - 5 scrolls of blinking
 j - 2 scrolls of amnesia
 q - 10 scrolls of enchant weapon
 r - a scroll of fog
 u - a scroll of holy word
 v - 2 scrolls of identify
 w - a scroll of immolation
 D - 2 scrolls of enchant armour
Potions
 c - 8 potions of curing
 d - 7 potions of heal wounds
 f - 4 potions of magic
 g - a potion of berserk rage
 l - a potion of invisibility
 t - a potion of haste
 B - a potion of mutation
 C - 2 potions of brilliance


   Skills:
 + Level 0.1 Fighting
 + Level 2.0 Staves
 + Level 7.0 Dodging
 + Level 9.2 Stealth
 + Level 25.6 Spellcasting
 + Level 3.1 Conjurations
 + Level 0.1 Hexes
 + Level 6.6 Transmutations
 * Level 6.6 Fire Magic
 + Level 22.0 Earth Magic
 + Level 1.0 Evocations


You had 7 spell levels left.
You knew the following spells:

 Your Spells              Type           Power      Damage    Failure   Level
a - Sandblast             Erth           100%       2d20      0%          1
b - Passwall              Tmut/Erth      91%        N/A       0%          2
c - Stone Arrow           Conj/Erth      100%       3d13      0%          3
d - Lee's Rapid Deconstr  Erth           64%        3d30*     0%          5
e - Petrify               Tmut/Erth      100%       N/A       1%          4
f - Inner Flame           Hex/Fire       54%        N/A       1%          3
g - Bolt of Magma         Conj/Fire/Erth 49%        4d20      1%          5
h - Lightning Bolt        Conj/Air       23%        1d38      3%          5
i - Orb of Destruction    Conj           26%        9d11      41%         7
j - Iron Shot             Conj/Erth      52%        9d10      1%          6
k - Ignition              Fire           33%        3d10      58%         8
l - Statue Form           Tmut/Erth      73%        N/A       1%          6

Your spell library contained the following spells:

 Spells                   Type           Power      Damage    Failure   Level
 Shatter                  Erth           64%        3d47*     2%          9
 Lehudib's Crystal Spear  Conj/Erth      52%        10d12     8%          8
 Maxwell's Capacitive Co  Air            18%        ∞         100%        8
 Conjure Flame            Conj/Fire      60%        6-21      1%          3
 Leda's Liquefaction      Hex/Erth       50%        N/A       1%          4
 Iskenderun's Battlesphe  Conj           53%        2d10      1%          5
 Starburst                Conj/Fire      30%        8x6d9     4%          6
 Spellforged Servitor     Conj/Summ      23%        N/A       61%         7


Dungeon Overview and Level Annotations

Branches:
Dungeon (1/1)

Altars:
Cheibriados
Dithmenos
Elyvilon
Fedhas
Gozag
Hepliaklqana
Kikubaaqudgha
Makhleb
Nemelex Xobeh
Okawaru
Qazlal
Ru
Sif Muna
Trog
Uskayaw
Vehumet
Wu Jian
Xom
Yredelemnul
Zin
The Shining One
Beogh
Jiyva
Lugonu

Shops:
D :*=?


Message History

Fragment what (e.g. wall or brittle monster)?: a white very ugly thing An open door to the Dungeon.
You feel a surge of power!
The stone door frame shatters!
The blast of rock fragments hits the white very ugly thing!!!
The white very ugly thing is heavily wounded.
Unknown command.
Casting: Lee's Rapid Deconstruction (safe; 0% risk of failure)
Confirm with . or Enter, or press ? or * to list all spells.
Aiming: Petrify (safe; 1% risk of failure)
Press: ? - help, Shift-Dir - straight line, f/p - white very ugly thing
Aim: a white very ugly thing (heavily wounded, chance to affect: 75%)
You feel a surge of power!
The white very ugly thing struggles to resist.
Unknown command.
Casting: Petrify (safe; 1% risk of failure)
Confirm with . or Enter, or press ? or * to list all spells.
Aiming: Petrify (safe; 1% risk of failure)
Press: ? - help, Shift-Dir - straight line, f/p - white very ugly thing
Aim: a white very ugly thing (heavily wounded, chance to affect: 75%)
You feel a surge of power!
The white very ugly thing is moving more slowly.
The white very ugly thing bites you but does no damage.
Unknown command.
The white very ugly thing stops moving altogether!
You see here a +0 cloak.
The white very ugly thing is no longer petrified.
You see here a +3 scale mail of poison resistance.
You see here a +3 chain mail.
You see here +1 fire dragon scales.
You see here a +4 chain mail of fire resistance.
You see here +0 storm dragon scales.
You see here a +1 tower shield.
You see here +0 acid dragon scales.
The white very ugly thing misses you.
You see here a +1 dire flail of protection.
The white very ugly thing bites you. The white very ugly thing freezes you!!
You see here a +1 giant spiked club.
You see here a +1 longbow.
The white very ugly thing bites you. The white very ugly thing freezes you!!
You die...

....'÷.......÷'......[(.....'....
▓▓▓▓▓▓▓▓▓▓▓▓▓▓▓▓▓▓▓▓▓▓▓▓▓▓▓▓▓▓▓▓▓
...................).)...........
▓▓▓▓▓▓▓▓▓▓▓▓▓▓▓▓▓▓▓▓▓▓▓▓▓▓▓▓▓▓▓▓▓
....)).))........))..)))..†......
▓▓▓▓▓▓▓▓▓▓▓▓▓▓▓▓▓▓▓▓▓▓▓▓▓▓▓▓▓▓▓▓▓
.................................
▓▓▓▓▓▓▓▓▓▓▓▓▓▓▓▓▓▓▓▓▓▓▓▓▓▓▓▓▓▓▓▓▓
....[[[[[[[[.))u8)))).....'......
▓▓▓▓▓▓▓▓▓▓▓▓▓▓▓▓▓▓▓▓▓▓▓▓▓▓▓▓▓▓▓▓▓


You could see a white very ugly thing.

Vanquished Creatures
  Gastronok (D)
  A fire giant (D)
  A stone giant (D)
  A rakshasa (D)
  A hydra (D)
  5 centaur warriors (D)
  5 ogre magi (D)
  A two-headed ogre (D)
  A tengu warrior (D)
  3 deep trolls (D)
  A glowing orange brain (D)
  An orc knight (D)
  An elephant (D)
  A torpor snail (D)
  5 cane toads (D)
  3 komodo dragons (D)
  2 yaktaurs (D)
  A freezing wraith (D)
  A kobold demonologist (D)
  An efreet (D)
  4 trolls (D)
  3 yaks (D)
  A shadow (D)
  2 wraiths (D)
  A basilisk (D)
  A wyvern (D)
  Grum (D)
  A steam dragon (D)
  A vampire mosquito (D)
  3 wargs (D)
  A water moccasin (D)
  3 hell hounds (D)
  7 orc warriors (D)
  A black bear (D)
  6 wolves (D)
  A centaur (D)
  2 bullfrogs (D)
  5 orc priests (D)
  A jelly (D)
  A hound (D)
  6 orc wizards (D)
  A white imp (D)
  6 orcs (D)
  An endoplasm (D)
  A goblin (D)
  A ball python skeleton (D)
  2 bats (D)
  A quokka skeleton (D)
  A rat (D)
103 creatures vanquished.

Notes
Turn   | Place    | Note
-------+----------+-------------------------------------------
     0 | D        | mhtbhm the Deep Elf Earth Elementalist began the quest for
                  | the Orb.
     0 | D        | Reached XP level 1. HP: 10/10 MP: 6/6
    69 | D        | Noticed a jelly
    69 | D        | Noticed a hound
    72 | D        | Killed a hound
    73 | D        | Reached skill level 5 in Spellcasting
    73 | D        | Reached XP level 2. HP: 10/15 MP: 5/10
    73 | D        | Reached XP level 3. HP: 13/19 MP: 5/11
    75 | D        | Reached skill level 6 in Spellcasting
    77 | D        | Reached XP level 4. HP: 24/24 MP: 2/14
   160 | D        | Learned a level 2 spell: Passwall
   164 | D        | Learned a level 3 spell: Stone Arrow
   174 | D        | Found a snail-covered altar of Cheibriados.
   174 | D        | Found a shadowy altar of Dithmenos.
   174 | D        | Found a white marble altar of Elyvilon.
   174 | D        | Found a blossoming altar of Fedhas.
   174 | D        | Found an opulent altar of Gozag.
   175 | D        | Found a hazy altar of Hepliaklqana.
   176 | D        | Found a viscous altar of Jiyva.
   177 | D        | Found an ancient bone altar of Kikubaaqudgha.
   178 | D        | Found a corrupted altar of Lugonu.
   179 | D        | Found a burning altar of Makhleb.
   180 | D        | Found a sparkling altar of Nemelex Xobeh.
   181 | D        | Found an iron altar of Okawaru.
   182 | D        | Found a stormy altar of Qazlal.
   183 | D        | Found a sacrificial altar of Ru.
   184 | D        | Found a shimmering blue altar of Sif Muna.
   185 | D        | Found a bloodstained altar of Trog.
   186 | D        | Found a hide-covered altar of Uskayaw.
   187 | D        | Found a radiant altar of Vehumet.
   188 | D        | Found an ornate altar of the Wu Jian Council.
   189 | D        | Found a shimmering altar of Xom.
   190 | D        | Found a basalt altar of Yredelemnul.
   191 | D        | Found a glowing silver altar of Zin.
   192 | D        | Found a glowing golden altar of the Shining One.
   195 | D        | Became a worshipper of Vehumet
   235 | D        | Noticed a wraith
   235 | D        | Noticed a yak
   235 | D        | Noticed a wraith
   235 | D        | Noticed a shadow
   235 | D        | Noticed a steam dragon
   235 | D        | Noticed a two-headed ogre
   250 | D        | Killed a two-headed ogre
   251 | D        | Reached skill level 12 in Spellcasting
   251 | D        | Reached XP level 5. HP: 28/28 MP: 12/22
   251 | D        | Reached XP level 6. HP: 32/32 MP: 12/23
   251 | D        | Reached XP level 7. HP: 36/36 MP: 13/25
   254 | D        | HP: 1/36 [something] (5)]
   560 | D        | Learned a level 5 spell: Lee's Rapid Deconstruction
   565 | D        | Learned a level 4 spell: Petrify
   572 | D        | Killed a steam dragon
   573 | D        | Reached skill level 13 in Spellcasting
   692 | D        | Killed a shadow
   692 | D        | Reached * piety under Vehumet
   692 | D        | Offered knowledge of Magic Dart by Vehumet.
   740 | D        | Killed a wraith
   741 | D        | Reached skill level 14 in Spellcasting
   741 | D        | Reached XP level 8. HP: 41/41 MP: 18/28
   897 | D        | Reached ** piety under Vehumet
   897 | D        | Offered knowledge of Searing Ray by Vehumet.
   965 | D        | Noticed a kobold demonologist
   965 | D        | Noticed an efreet
   965 | D        | Noticed a centaur warrior
   965 | D        | Noticed a tengu warrior
   968 | D        | Killed a centaur warrior
   969 | D        | Reached skill level 16 in Spellcasting
   969 | D        | Reached XP level 9. HP: 38/45 MP: 21/31
   969 | D        | Killed a tengu warrior
   970 | D        | Reached skill level 17 in Spellcasting
   970 | D        | Reached skill level 15 in Earth Magic
   979 | D        | Noticed a hellwing
   980 | D        | Killed an efreet
   980 | D        | Reached *** piety under Vehumet
  1022 | D        | Killed a kobold demonologist
  1252 | D        | Offered knowledge of Static Discharge by Vehumet.
  1468 | D        | Noticed a cane toad
  1468 | D        | Noticed a komodo dragon
  1468 | D        | Noticed a cane toad
  1468 | D        | Noticed a five-headed hydra
  1472 | D        | Offered knowledge of Mephitic Cloud by Vehumet.
  1473 | D        | Reached skill level 18 in Spellcasting
  1473 | D        | Killed a five-headed hydra
  1473 | D        | Reached **** piety under Vehumet
  1474 | D        | Reached XP level 10. HP: 50/50 MP: 24/34
  1474 | D        | Killed a cane toad
  1475 | D        | Reached skill level 19 in Spellcasting
  1475 | D        | Noticed a torpor snail
  1476 | D        | Killed a cane toad
  1482 | D        | Killed a torpor snail
  1726 | D        | Offered knowledge of Inner Flame by Vehumet.
  1726 | D        | Reached ***** piety under Vehumet
  1804 | D        | Learned a level 3 spell: Inner Flame
  1812 | D        | Offered knowledge of Conjure Ball Lightning by Vehumet.
  1813 | D        | Reached skill level 20 in Spellcasting
  1870 | D        | Noticed a cane toad
  1870 | D        | Noticed an elephant
  1870 | D        | Noticed a cane toad
  1874 | D        | Noticed a cane toad
  1875 | D        | Killed a cane toad
  1876 | D        | Killed a cane toad
  1876 | D        | Killed an elephant
  1978 | D        | Reached skill level 21 in Spellcasting
  2003 | D        | Killed a cane toad
  2226 | D        | Reached XP level 11. HP: 54/54 MP: 34/38
  2226 | D        | Offered knowledge of Iskenderun's Battlesphere by Vehumet.
  2383 | D        | Noticed Grum
  2395 | D        | Killed Grum
  2398 | D        | Offered knowledge of Yara's Violent Unravelling by Vehumet.
  2531 | D        | Reached ****** piety under Vehumet
  2558 | D        | Offered knowledge of Bolt of Magma by Vehumet.
  2713 | D        | Learned a level 5 spell: Bolt of Magma
  2726 | D        | Offered knowledge of Irradiate by Vehumet.
  2730 | D        | Reached skill level 22 in Spellcasting
  2734 | D        | Noticed an orc knight
  2825 | D        | Killed an orc knight
  3006 | D        | Offered knowledge of Lightning Bolt by Vehumet.
  3152 | D        | Learned a level 5 spell: Lightning Bolt
  3169 | D        | Found Maann's Magic Scroll Boutique.
  3169 | D        | Noticed an ogre mage
  3169 | D        | Noticed an ogre mage
  3169 | D        | Noticed an ogre mage
  3169 | D        | Noticed a stone giant
  3173 | D        | Killed an ogre mage
  3173 | D        | Noticed an ogre mage
  3174 | D        | Reached skill level 5 in Transmutations
  3174 | D        | Killed a stone giant
  3175 | D        | Reached skill level 23 in Spellcasting
  3178 | D        | Killed an ogre mage
  3179 | D        | Reached skill level 1 in Conjurations
  3179 | D        | Killed an ogre mage
  3179 | D        | Noticed a deep troll
  3181 | D        | Killed an ogre mage
  3184 | D        | Killed a deep troll
  3185 | D        | Offered knowledge of Orb of Destruction by Vehumet.
  3186 | D        | Reached skill level 1 in Evocations
  3222 | D        | Reached skill level 24 in Spellcasting
  3377 | D        | Learned a level 7 spell: Orb of Destruction
  3412 | D        | Found Cabb's Jewellery Shop.
  3413 | D        | Noticed a deep troll
  3416 | D        | Killed a deep troll
  3417 | D        | Reached XP level 12. HP: 59/59 MP: 29/42
  3426 | D        | Noticed an ogre mage
  3435 | D        | Killed an ogre mage
  3666 | D        | Found Miorotiz's General Store.
  3670 | D        | Found Soacw's Book Shop.
  3818 | D        | Bought a scroll of blinking for 82 gold pieces
  3822 | D        | Bought a scroll of blinking for 75 gold pieces
  3822 | D        | Bought a scroll of holy word for 75 gold pieces
  3822 | D        | Bought a scroll of acquirement for 520 gold pieces
  3822 | D        | Bought a scroll of identify for 20 gold pieces
  3822 | D        | Bought a scroll of immolation for 35 gold pieces
  3828 | D        | Bought a book of Power for 462 gold pieces
  3828 | D        | Bought the Reference Book on Heat for 440 gold pieces
  3835 | D        | Learned a level 6 spell: Iron Shot
  3844 | D        | Learned a level 8 spell: Ignition
  3844 | D        | Acquired a staff of earth
  3848 | D        | Acquired a book of Stone
  3859 | D        | Learned a level 6 spell: Statue Form
  3894 | D        | Noticed Gastronok
  3914 | D        | Killed Gastronok
  4240 | D        | Noticed a centaur warrior
  4240 | D        | Noticed a centaur warrior
  4240 | D        | Noticed a centaur warrior
  4240 | D        | Noticed a centaur warrior
  4242 | D        | Killed a centaur warrior
  4242 | D        | Offered knowledge of Lehudib's Crystal Spear by Vehumet.
  4242 | D        | Offered knowledge of Shatter by Vehumet.
  4242 | D        | Offered knowledge of Maxwell's Capacitive Coupling by
                  | Vehumet.
  4242 | D        | Killed a centaur warrior
  4243 | D        | Reached skill level 1 in Staves
  4243 | D        | Reached skill level 25 in Spellcasting
  4243 | D        | Killed a centaur warrior
  4243 | D        | Noticed a fire giant
  4244 | D        | Killed a centaur warrior
  4245 | D        | Reached skill level 5 in Fire Magic
  4249 | D        | Noticed a rakshasa
  4250 | D        | Killed a fire giant
  4254 | D        | Killed a rakshasa
  4262 | D        | Noticed a white very ugly thing
  4286 | D        | Slain by a white very ugly thing

Illustrated notes

Levels and vault maps discovered:
D:        linesprint [early_d, line_temple, items_1, d_10, items_2, lair_1,
          lair_end, items_3, orc_1, orc_end, items_4, d_15, swamp_1, shoals_1,
          snake_1, spider_1, d_20, vaults_1, items_5, swamp_end, shoals_end,
          snake_end, spider_end, vaults_end, d_27, items_6, zot_1, zot_end,
          crypt_end, forest_end, elf_end, slime_end, tomb_end, abyss_end,
          pan_hell_end]

Skill      XL: |  1  2  3  4  5  6  7  8  9 10 11 12 |
---------------+-------------------------------------+-----
Earth Magic    | 6 7 12 13 14 16 18 20 22 | 22.0
Dodging        | 3 6 7 |  7.0
Spellcasting   | 5 6 12 14 16 18 21 24 25 | 25.6
Stealth        | 3 6 7 9 |  9.2
Transmutations | 2 3 4 5 6 |  6.6
Conjurations   | 1 3 |  3.1
Evocations     | 1 |  1.0
Fire Magic     | 6 |  6.6
Staves         | 2 |  2.0
Fighting       | |  0.1
Hexes          | |  0.1

Action                   |  1- 3 |  4- 6 |  7- 9 | 10-12 || total
-------------------------+-------+-------+-------+-------++-------
Melee: Staff             |       |       |       |     4 ||     4
 Cast: Sandblast         |    11 |     7 |     4 |     6 ||    28
       Lee's Rapid Decon |       |       |    21 |    86 ||   107
       Petrify           |       |       |     5 |    27 ||    32
       Stone Arrow       |       |       |     4 |     8 ||    12
       Bolt of Magma     |       |       |       |     8 ||     8
       Inner Flame       |       |       |       |     1 ||     1
       Statue Form       |       |       |       |     2 ||     2
       Iron Shot         |       |       |       |     1 ||     1
Evoke: Wand              |       |       |       |     2 ||     2
  Use: Potion            |     1 |     2 |       |       ||     3
       Scroll            |       |       |       |     2 ||     2
 Stab: Petrified         |       |       |       |     4 ||     4
Armor: Robe              |       |       |     1 |     3 ||     4
       Skin              |       |       |       |     3 ||     3
Dodge: Dodged            |     2 |     2 |     9 |     8 ||    21

Table legend: (Time is in decaauts)
 A = Elapsed time spent in this place.
 B = Non-inter-level travel time spent in this place.
 C = Inter-level travel time spent in this place.
 D = Time resting spent in this place.
 E = Time spent auto-exploring this place.
 F = Levels seen in this place.
 G = Mean time per level.
                   A        B        C        D        E       F      G
               +--------+--------+--------+--------+--------+-----+--------+
         Total |   4342 |   4342 |      0 |   2356 |    998 |   1 | 4342.0 |
       Dungeon |   4342 |   4342 |      0 |   2356 |    998 |   1 | 4342.0 |
               +--------+--------+--------+--------+--------+-----+--------+

Top non-repeatable levels by time:
       D: 4342 daAuts
